 Dungeon Crawl Stone Soup version 0.24-a0-537-g2d01d4ab0a (webtiles) character file.

Game seed: 6576759913778802675

50 GordonOverkill the Grave Robber (level 3, 0/19 HPs)
             Began as a Deep Elf Necromancer on Aug 15, 2019.
             Succumbed to an adder's poison
             ... on level 2 of the Dungeon.
             The game lasted 00:02:41 (1283 turns).

GordonOverkill the Grave Robber (DENe)              Turns: 1283, Time: 00:02:41

Health: 0/19       AC:  1    Str:  5    XL:     3   Next: 55%
Magic:  1/10       EV: 13    Int: 20    God:
Gold:   67         SH:  4    Dex: 15    Spells: 2/9 levels left

rFire    . . .     SeeInvis .   f - +0 whip
rCold    . . .     Gourm    .   (no shield)
rNeg     . . .     Faith    .   a - +0 robe
rPois    .         Spirit   .   (helmet restricted)
rElec    .         Reflect  .   (no cloak)
rCorr    .         Harm     .   (no gloves)
MR       .....                  (no boots)
Stlth    ++........             (no amulet)
HPRegen  0.06/turn              (no ring)
MPRegen  0.12/turn              (no ring)

@: lethally poisoned (0 -> -9), very slightly contaminated
A: horns 1, large bone plates 1, deformed body
a: no special abilities


You were on level 2 of the Dungeon.
You were not hungry.

You visited 1 branch of the dungeon, and saw 2 of its levels.

You collected 67 gold pieces.

Inventory:

Hand Weapons
 f - a +0 whip (weapon)
Missiles
 i - 18 stones (quivered)
 k - 2 throwing nets
Armour
 a - a +0 robe (worn)
Scrolls
 d - a scroll of random uselessness {unknown}
 g - 3 scrolls of remove curse {unknown}
 h - a scroll of teleportation {unknown}
 l - 2 scrolls of identify {unknown}
 m - a scroll of enchant armour {unknown}
 n - a scroll of immolation {unknown}
Potions
 j - a potion of lignification {unknown}
Comestibles
 b - 2 chunks of flesh
 c - 4 rations


   Skills:
 - Level 3.0 Dodging
 - Level 3.0 Stealth
 + Level 3.6 Spellcasting
 + Level 0.3 Charms
 * Level 5.6 Necromancy


You had 2 spell levels left.
You knew the following spells:

 Your Spells              Type           Power        Failure   Level  Hunger
a - Pain                  Necr           ####         1%          1    None
b - Vampiric Draining     Necr           ####......   4%          3    ###....
c - Regeneration          Chrm/Necr      ###.......   12%         3    ###....

Your spell library contained the following spells:

 Spells                   Type           Power        Failure   Level  Hunger
 Animate Skeleton         Necr           N/A          1%          1    None
 Animate Dead             Necr           N/A          13%         4    ####...


Dungeon Overview and Level Annotations

Branches:
Dungeon (2/15)

Altars:
Wu Jian


Innate Abilities, Weirdness & Mutations

You have a pair of small horns on your head.
You are partially covered in large bone plates. (SH +4)
Armour fits poorly on your strangely shaped body.


Message History

You don't have enough magic to cast that spell.
You aren't carrying any items that you can evoke.
Unknown command.
You miss the adder.
The adder is severely wounded.
The adder barely misses you. The adder completely misses you.
You miss the adder.
The adder is severely wounded.
The adder closely misses you.
You closely miss the adder.
The adder is severely wounded.
The adder bites you.
* * * LOW HITPOINT WARNING * * *
You are lethally poisoned!
The adder poisons you!
It was a potion of mutation.
You feel extremely strange.
Your body twists and deforms.
Large bone plates grow over parts of your arms.
A pair of horns grows on your head!
You die...

#.#+#+#.# #.............
#.......#######.#.#.######
#...............#.#.#
#......##########.#.#
#.................#.#
#########.....รท.....#####
#...............#
#...............#
#@####.......... #S#
#......#### ...###......#
....+........#
.....######.### ......#
#.# .......# #.# ....[...#
#.# .. ###'#####..


You could see an adder.

Vanquished Creatures
  A gnoll (D:1)
  An adder (D:2)
  An ooze (D:1)
  4 giant cockroaches (D:1)
  4 goblins (D:1)
  2 hobgoblins (D:1)
  4 jackals (D:2)
  A quokka (D:2)
  A bat (D:1)
  A kobold (D:2)
  6 rats
26 creatures vanquished.

Notes
Turn   | Place    | Note
-------+----------+-------------------------------------------
     0 | D:1      | GordonOverkill the Deep Elf Necromancer began the quest for
                  | the Orb.
     0 | D:1      | Reached XP level 1. HP: 10/10 MP: 6/6
   244 | D:1      | Reached skill level 5 in Necromancy
   393 | D:1      | Reached XP level 2. HP: 10/15 MP: 1/8
   797 | D:1      | Reached XP level 3. HP: 18/19 MP: 6/9
  1029 | D:2      | Found an ornate altar of the Wu Jian Council.
  1035 | D:2      | Learned a level 3 spell: Vampiric Draining
  1082 | D:2      | Learned a level 3 spell: Regeneration
  1283 | D:2      | Gained mutation: Armour fits poorly on your strangely
                  | shaped body. [potion of mutation]
  1283 | D:2      | Gained mutation: You are partially covered in large bone
                  | plates. (SH +4) [potion of mutation]
  1283 | D:2      | Gained mutation: You have a pair of small horns on your
                  | head. [potion of mutation]
  1283 | D:2      | Succumbed to an adder's poison

Levels and vault maps discovered:
D:1:      saegor_arrival_simple_a, layout_rooms
D:2:      layout_basic, lemuel_doored_altar, kennysheep_potato

Skill      XL: |  1  2  3 |
---------------+----------+-----
Necromancy     | 5 |  5.6
Stealth        | 3 |  3.0
Dodging        | 3 |  3.0
Spellcasting   | |  3.6
Charms         | |  0.3

Action                   || total
-------------------------++-------
Melee: Whip              ||     7
Throw: Stone             ||     9
 Cast: Pain              ||    45
       Vampiric Draining ||     1
  Use: Potion            ||     1
  Eat: Chunk             ||     1
Armor: Robe              ||     4
Dodge: Dodged            ||    12

Table legend:
 A = Non-vault XP
 B = Vault XP
 C = Vault XP percentage of total XP
 D = Non-vault monster count
 E = Vault monster count
 F = Vault count percentage of total count
                 A         B        C        D         E       F
            +---------+---------+-------+---------+---------+-------
      Total |      72 |       0 |   0.0 |      26 |       0 |   0.0
            +---------+---------+-------+---------+---------+-------
        D:1 |      47 |       0 |   0.0 |      18 |       0 |   0.0
        D:2 |      25 |       0 |   0.0 |       8 |       0 |   0.0
            +---------+---------+-------+---------+---------+-------
